 Dungeon Sprint DCSS version 0.30.1-11-g7821555f0a (webtiles) character file.

Game seed: 12157416302333051950

3103 Groucho the Unseen (level 9, -12/47 HPs)
             Began as a Spriggan Enchanter on Dec 11, 2023.
             Was an Elder of Dithmenos.
             Mangled by a tentacle (21 damage)
             ... attached to a kraken
             ... in the Dungeon (Sprint II: "The Violet Keep of Menkaure").
             The game lasted 00:09:12 (1459 turns).

Groucho the Unseen (Spriggan Enchanter)             Turns: 1459, Time: 00:09:12

Health: -12/47     AC:  5    Str:  4    XL:     9   Next: 59%
Magic:  12/17      EV: 19    Int: 22    God:    Dithmenos [****..]
Gold:   537        SH:  0    Dex: 16    Spells: 2/18 levels left

rFire   + . .        f - +7 dagger of Evisceration {chaos, rF+ Int+2 SInv}
rCold   . . .        (no shield)
rNeg    . . .        b - +0 robe
rPois   .            (helmet restricted)
rElec   .            j - +2 cloak
rCorr   .            (gloves unavailable)
SInv    +            (boots unavailable)
Will    +....        u - amulet of magic regeneration
Stlth   +++++++++    (no ring)
HPRegen 0.27/turn    (no ring)
MPRegen 0.55/turn

%: no teleportation
@: confusing by touch, wreathed by umbra, very quick
A: very small, no large weapons, unfitting armour, see invisible, speed 3
a: Renounce Religion, Shadow Step


You were in the Dungeon.
You worshipped Dithmenos.
Dithmenos was greatly pleased with you.
You visited 1 branch You collected 1452 gold pieces.
You spent 915 gold pieces at shops.

Inventory:

Hand Weapons
 a - a +1 dagger
 f - the +7 dagger of Evisceration (weapon) {chaos, rF+ Int+2 SInv}
   (You bought it in a shop in the Dungeon)

   Int:       It affects your intelligence (+2).
   rF:        It protects you from fire.
   SInv:      It lets you see invisible.
Armour
 b - a +0 robe (worn)
 j - a +2 cloak (worn)
Jewellery
 o - an amulet of regeneration
 u - an amulet of magic regeneration (around neck)
Scrolls
 i - a scroll of blinking
 l - a scroll of fear {unknown}
 p - 3 scrolls of identify {unknown}
 q - a scroll of brand weapon {unknown}
 r - a scroll of immolation {unknown}
Potions
 c - 3 potions of flight {unknown}
 d - 3 potions of curing
 e - a potion of heal wounds
 g - 5 potions of magic
 h - a potion of berserk rage
 k - 2 potions of degeneration {unknown}
 m - a potion of brilliance {unknown}
 n - 3 potions of resistance {unknown}
 s - 2 potions of haste
 t - a potion of might {unknown}


   Skills:
 - Level 5.0 Fighting
 - Level 10.0 Short Blades
 - Level 5.0 Dodging
 - Level 15.9 Stealth
 - Level 5.0 Spellcasting
 + Level 7.8 Conjurations
 - Level 14.0 Hexes
 - Level 5.0 Earth Magic


You had 2 spell levels left.
You knew the following spells:

 Your Spells              Type           Power      Damage    Failure   Level
a - Ensorcelled Hibernat  Hex/Ice        72%        N/A       1%          2
b - Confusing Touch       Hex            61%        N/A       1%          3
c - Dazzling Flash        Conj/Hex       100%       N/A       1%          3
d - Tukima's Dance        Hex            61%        N/A       1%          3
e - Passwall              Tmut/Erth      13%        N/A       5%          2
f - Stone Arrow           Conj/Erth      66%        3d11      2%          3

Your spell library contained the following spells:

 Spells                   Type           Power      Damage    Failure   Level
 Sandblast                Erth           54%        2d13      1%          1
 Iskenderun's Mystic Bla  Conj/Tloc      22%        2d6       21%         4
 Swiftness                Air            5%         N/A       30%         3
 Vhi's Electric Charge    Tloc/Air       10%        N/A       30%         3
 Volatile Blastmotes      Fire/Tloc      10%        2d10      30%         3
 Arcjolt                  Conj/Air       11%        1d21      50%         5
 Starburst                Conj/Fire      11%        6d5       97%         6
 Plasma Beam              Fire/Air       2%         2x1d14    100%        6


Dungeon Overview and Level Annotations

Branches:
Dungeon (1/1)

Altars:
Cheibriados
Dithmenos
Elyvilon
Fedhas
Gozag
Hepliaklqana
Kikubaaqudgha
Makhleb
Nemelex Xobeh
Okawaru
Qazlal
Ru
Sif Muna
Trog
Uskayaw
Vehumet
Wu Jian
Xom
Yredelemnul
Zin
The Shining One
Jiyva
Lugonu

Shops:
D ![:!(*(==[*??!:

Annotations:
D exclusion: oklob plant


Innate Abilities, Weirdness & Mutations

You are very small and have problems with some larger weapons.
You are too small for most types of armour.
You have supernaturally acute eyesight. (SInv)
You cover ground extremely quickly. (Speed+++)


Message History

You now have 511 gold pieces (gained 12).
You see here 12 gold pieces.
You now have 523 gold pieces (gained 12).
You see here a +0 robe.
You see here a +0 leather armour.
You now have 537 gold pieces (gained 14).
There are no items here.
You see here 6 poisoned darts.
There is an open door here.
Casting: Ensorcelled Hibernation (safe; 1% risk of failure)
Confirm with . or Enter, or press ? or * to list all spells.
Okay, then.
Casting: Ensorcelled Hibernation (safe; 1% risk of failure)
Confirm with . or Enter, or press ? or * to list all spells.
Okay, then.
Casting: Ensorcelled Hibernation (safe; 1% risk of failure)
Confirm with . or Enter, or press ? or * to list all spells.
Aiming: Stone Arrow (dangerous; 2% risk of failure)
Press: ? - help, Shift-Dir - straight line, f - kraken
Aim: a kraken (water, asleep, umbra, 100% to hit)
The stone arrow hits the kraken!
The kraken is lightly wounded.
Unknown command.
Unknown command.
Unknown command.
Casting: Stone Arrow (dangerous; 2% risk of failure)
Confirm with . or Enter, or press ? or * to list all spells.
Your hands begin to glow red.
Tentacles burst out of the water! 4 tentacles come into view.
You hit the kraken but do no damage.
The kraken is lightly wounded.
The kraken bites you!!!
Ouch! That really hurt!
* * * LOW HITPOINT WARNING * * *
You emit a cloud of dark smoke.
You hit the kraken but do no damage.
The kraken is lightly wounded.
The tentacle barely misses you. The tentacle slaps you!!
You die...

.#..#:|▓.([....(▓▓
.##k#))▓.(.(.[.[▓▓
..9####▓.[.)(..(▓▓
#..##)#▓..(()..(▓▓
'..#†.#▓).:.[(..▓▓
#..#†.#▓.[.[()..▓▓
#..##.#▓...[....▓▓
##...##▓▓▓▓▓▓▓'▓▓▓▓+▓
.~§~~~~~~~~~~~.§@Xw≈▓
.~#'########+###www≈▓
.~#_._.....#S~~##§≈≈▓
.~#._._....#~§§≈####▓
~~#_._._...#~§§~§#
§~#._._._..#§~~§§§
≈~#_._._._.#§§§§§≈
§≈#._._._._#S~~~§S
≈≈#.._._._.#§~≈≈


You could see a kraken and 4 tentacles.

Vanquished Creatures
  A merfolk siren (D)
  A yaktaur (D)
  3 polar bears (D)
  A hornet (D)
  4 neqoxecs (D)
  Menkaure (D)
  4 water moccasins (D)
  2 swamp drakes (D)
  3 black bears (D)
  4 scorpions (D)
  A spectral adder (D)
  2 worms (D)
  A spectral bat (D)
28 creatures vanquished.

Vanquished Creatures (others)
  A black bear zombie (D)
1 creature vanquished.

Grand Total: 29 creatures vanquished

Notes
Turn   | Place    | Note
-------+----------+-------------------------------------------
     0 | D        | Groucho the Spriggan Enchanter began the quest for the Orb.
     0 | D        | Reached XP level 1. HP: 9/9 MP: 5/5
    12 | D        | Reached skill level 5 in Stealth
    16 | D        | Noticed a scorpion
    16 | D        | Noticed a scorpion
    18 | D        | Noticed a scorpion
    18 | D        | Noticed a scorpion
    19 | D        | Killed a scorpion
    20 | D        | Reached skill level 6 in Stealth
    20 | D        | Reached skill level 5 in Hexes
    20 | D        | Reached XP level 2. HP: 15/15 MP: 5/8
    20 | D        | Reached XP level 3. HP: 18/18 MP: 6/10
    20 | D        | Killed a scorpion
    21 | D        | Reached skill level 5 in Short Blades
    21 | D        | Reached skill level 5 in Dodging
    21 | D        | Reached skill level 8 in Stealth
    21 | D        | Reached skill level 5 in Spellcasting
    21 | D        | Reached XP level 4. HP: 24/24 MP: 7/12
    22 | D        | Killed a scorpion
    23 | D        | Reached skill level 10 in Stealth
    23 | D        | Reached XP level 5. HP: 30/30 MP: 7/13
    26 | D        | Reached skill level 5 in Fighting
    26 | D        | Reached skill level 12 in Stealth
    31 | D        | Noticed a neqoxec
    34 | D        | Killed a neqoxec
    35 | D        | Reached skill level 15 in Stealth
    35 | D        | Reached XP level 6. HP: 35/35 MP: 7/14
    35 | D        | Noticed a neqoxec
    36 | D        | Killed a neqoxec
    37 | D        | Noticed a neqoxec
    37 | D        | Noticed a neqoxec
    39 | D        | Killed a neqoxec
    40 | D        | Reached XP level 7. HP: 39/39 MP: 8/15
    41 | D        | Killed a neqoxec
    50 | D        | Noticed a merfolk siren
    53 | D        | Killed a merfolk siren
    54 | D        | Reached XP level 8. HP: 43/43 MP: 9/16
    63 | D        | Found Iriumyqug's Assorted Antiques.
    63 | D        | Found Ruuseok's Magic Scroll Emporium.
    63 | D        | Found Ymuedwitoe's Jewellery Shoppe.
    63 | D        | Found Vuimac's Book Emporium.
    63 | D        | Found Waeciuco's Antique Armour Shoppe.
    63 | D        | Found Deul's Magic Scroll Shoppe.
    63 | D        | Found Geik's Distillery.
    67 | D        | Learned a level 2 spell: Ensorcelled Hibernation
    71 | D        | Learned a level 3 spell: Confusing Touch
    75 | D        | Learned a level 3 spell: Dazzling Flash
    79 | D        | Learned a level 3 spell: Tukima's Dance
    79 | D        | Found Qaqosaal's Jewellery Emporium.
   200 | D        | Found Jattin's Antique Weapon Shoppe.
   200 | D        | Found Opoibom's General Store.
   200 | D        | Noticed Menkaure
   200 | D        | Noticed a slime creature
   200 | D        | Noticed a slime creature
   222 | D        | Killed Menkaure
   226 | D        | Found Paur's Antique Weapon Emporium.
   226 | D        | Found Ahuloar Risch's Distillery.
   226 | D        | Noticed a slime creature
   226 | D        | Noticed an oklob plant
   227 | D        | Found Leihuan's Antique Armour Shoppe.
   227 | D        | Found Dohyabb's Book Shoppe.
   227 | D        | Found Viomev's Distillery.
   283 | D        | Bought an encrusted dagger for 189 gold pieces
   283 | D        | Identified the +7 dagger of Evisceration {chaos, rF+ Int+2
                  | SInv} (You bought it in a shop in the Dungeon)
   301 | D        | Bought a book of Burglary for 260 gold pieces
   303 | D        | Bought a book of Geomancy for 234 gold pieces
   308 | D        | Learned a level 2 spell: Passwall
   312 | D        | Learned a level 3 spell: Stone Arrow
   314 | D        | Bought an embroidered cloak for 232 gold pieces
   342 | D        | Found an iron altar of Okawaru.
   342 | D        | Found a radiant altar of Vehumet.
   342 | D        | Found a glowing silver altar of Zin.
   343 | D        | Found a sparkling altar of Nemelex Xobeh.
   343 | D        | Found a hide-covered altar of Uskayaw.
   344 | D        | Found an opulent altar of Gozag.
   344 | D        | Found a burning altar of Makhleb.
   344 | D        | Found a bloodstained altar of Trog.
   344 | D        | Found a basalt altar of Yredelemnul.
   346 | D        | Found a blossoming altar of Fedhas.
   346 | D        | Found a corrupted altar of Lugonu.
   346 | D        | Found a shimmering blue altar of Sif Muna.
   347 | D        | Found a white marble altar of Elyvilon.
   347 | D        | Found an ancient bone altar of Kikubaaqudgha.
   348 | D        | Found a shadowy altar of Dithmenos.
   348 | D        | Found a viscous altar of Jiyva.
   349 | D        | Found a snail-covered altar of Cheibriados.
   351 | D        | Found a shimmering altar of Xom.
   351 | D        | Found a sacrificial altar of Ru.
   351 | D        | Found a hazy altar of Hepliaklqana.
   352 | D        | Found a glowing golden altar of the Shining One.
   352 | D        | Found an ornate altar of the Wu Jian Council.
   352 | D        | Found a stormy altar of Qazlal.
   359 | D        | Became a worshipper of Dithmenos the Shadowed
   374 | D        | Reached * piety under Dithmenos
   375 | D        | Reached skill level 10 in Short Blades
   375 | D        | Reached skill level 1 in Conjurations
   389 | D        | Reached ** piety under Dithmenos
   395 | D        | Noticed a deep elf master archer
   420 | D        | Noticed a yaktaur
   420 | D        | Noticed a hornet
   420 | D        | Noticed a polar bear
   421 | D        | Noticed a polar bear
   421 | D        | Noticed a polar bear
   422 | D        | Killed a polar bear
   423 | D        | Reached skill level 5 in Conjurations
   423 | D        | Reached XP level 9. HP: 47/47 MP: 12/17
   423 | D        | Killed a polar bear
   423 | D        | Reached *** piety under Dithmenos
   425 | D        | Killed a polar bear
   426 | D        | Reached skill level 5 in Earth Magic
   428 | D        | Killed a yaktaur
   683 | D        | Noticed a death drake
   684 | D        | Noticed a death drake
   684 | D        | Noticed a crystal guardian
   690 | D        | Reached **** piety under Dithmenos
  1345 | D        | Noticed a kraken
  1459 | D        | Mangled by a tentacle

Illustrated notes

Levels and vault maps discovered:
D:        the_violet_keep_of_menkaure [sprint2_stairs_cluster_1,
          sprint2_shoproom, sprint2_temple, sprint2_basic_supplies,
          sprint2_obstacle_5, sprint2_obstacle_4, sprint2_obstacle_6,
          sprint2_obstacle_3, sprint2_obstacle_2, sprint2_timed_cluster_1,
          sprint2_smallroom_cluster_1, sprint2_smallroom_final_cluster_1,
          sprint2_transparent_cluster_1, sprint2_second_timed_cluster_1,
          sprint2_sniper_area_1, sprint2_heavy_combat_area_1,
          sprint2_mutation_trap_area_1, sprint2_forest_area_1,
          sprint2_light_combat_area_1, sprint2_behind_water_1,
          sprint2_near_end_vault_1]

Skill      XL: |  1  2  3  4  5  6  7  8  9 |
---------------+----------------------------+-----
Dodging        | 4 5 |  5.0
Spellcasting   | 4 5 |  5.0
Short Blades   | 3 5 10 | 10.0
Stealth        | 6 8 10 15 | 15.9
Hexes          | 5 6 11 14 | 14.0
Fighting       | 2 3 4 5 |  5.0
Conjurations   | 5 7 |  7.8
Earth Magic    | 2 5 |  5.0

Action                     |  1- 3 |  4- 6 |  7- 9 || total
---------------------------+-------+-------+-------++-------
  Melee: Dagger            |     8 |     5 |    28 ||    41
   Cast: Ensorcelled Hiber |       |       |     6 ||     6
         Confusing Touch   |       |       |     2 ||     2
         Stone Arrow       |       |       |     1 ||     1
    Use: Potion            |     2 |       |     1 ||     3
   Stab: Sleeping          |     3 |     5 |    18 ||    26
         Invisible         |     2 |       |       ||     2
         Confused          |       |       |     1 ||     1
 Armour: Robe              |       |       |     1 ||     1
  Dodge: Dodged            |       |       |     9 ||     9
